 Dungeon Crawl Stone Soup version 0.31.0-1-g2c135a008e (webtiles) character file.

Game seed: 311226000405937081

29 James the Ruffian (level 3, -1/39 HPs)
             Began as a Barachi Shapeshifter on Jan 20, 2024.
             Slain by a quokka (3 damage)
             ... on level 1 of the Dungeon.
             The game lasted 00:04:52 (896 turns).

James the Ruffian (Barachi Shapeshifter)             Turns: 896, Time: 00:04:52

Health: -1/39      AC: 21    Str: 17    XL:     3   Next: 16%
Magic:  3/3        EV:  2    Int: 10    God:
Gold:   59         SH:  0    Dex: 11    Spells: 2/2 levels left

rFire   . .          .
                       - Unarmed
rCold   . . .        (no shield)
rNeg    . . .        a - melded +0 animal skin
rPois   +            (helmet currently unavailable)
rElec   .            (cloak currently unavailable)
rCorr   .            (gloves currently unavailable)
SInv    .            (boots currently unavailable)
Will    .....        (no amulet)
Stlth   +            (no ring)
HPRegen 0.26/turn    (no ring)
MPRegen 0.08/turn

%: no passive effects
@: tree-form
A: stationary, stasis, torment immunity, boosted hp, (amphibious), (slowness 1),
(strong legs 1), +LOS
a: no special abilities


You were on level 1 of the Dungeon.
You were a tree.
You visited 1 branch of the dungeon, and saw 2 of its levels.

You collected 59 gold pieces.

Inventory:

Hand Weapons
 f - a +0 dagger
   (You took it off a goblin on level 1 of the Dungeon)
 g - a +0 short sword
   (You took it off a kobold on level 1 of the Dungeon)
 l - a +0 spear
   (You found it on level 1 of the Dungeon)
Missiles
 e - 13 stones
Armour
 a - a +0 animal skin (melded)
 h - a +0 helmet
   (You found it on level 1 of the Dungeon)
Talismans
 c - a beast talisman
 d - a flux talisman
 n - a serpent talisman
   (You found it on level 1 of the Dungeon)
Scrolls
 i - 3 scrolls of revelation {unknown}
 k - a scroll of identify {unknown}
 o - 2 scrolls of fear {unknown}
 p - a scroll of vulnerability {unknown}
Potions
 j - a potion of enlightenment {unknown}
 m - 2 potions of invisibility {unknown}
 q - 2 potions of heal wounds {unknown}


   Skills:
 - Level 1.2 Fighting
 - Level 2.1 Dodging
 - Level 4.0 Unarmed Combat
 + Level 3.9 Shapeshifting


You had 2 spell levels left.
You didn't know any spells.
Your spell library was empty.

Dungeon Overview and Level Annotations

Branches:
Dungeon (2/15)

Altars:


Innate Abilities, Weirdness & Mutations

You are a tree.
Your roots penetrate the ground, keeping you stationary.
You cannot be teleported.
You are immune to unholy pain and torment.
Your maximum health is greatly increased.
Your equipment is partially melded.
((You are amphibious.))
((You cover ground slowly.))
((You can hop short distances.))
You have an extended range of vision and can be seen from far away.


Message History

Found 2 silvery potions.
p - a scroll labelled MUHACR UTSEMMI
q - 2 silvery potions
There is a stone staircase leading down here.
You open the door.
There is an open door here.
You enter the shallow water.
There is an open door here.
There is a stone staircase leading down here.
Done exploring.
Done exploring.
Search for what [? for help]? .
Unknown command.
Unknown command.
Unknown command.
Unknown command.
Unknown command.
There is a stone staircase leading down here.
You climb downwards.
The hobgoblin shouts!
Found a bubbling orange potion and 15 gold pieces.
There is a stone staircase leading up here.
The bat misses you. The bat hits you but does no damage.
You miss the bat. The bat barely misses you.
You hit the bat.
You kill the bat!
The quokka bites you. The hobgoblin misses you. The quokka bites you.
You climb upwards.
There is a stone staircase leading down here.
You closely miss the hobgoblin. The hobgoblin hits you. The quokka bites you.
You completely miss the hobgoblin.
The hobgoblin hits you but does no damage.
The quokka barely misses you.
You closely miss the hobgoblin. The hobgoblin hits you. The quokka bites you.
* * * LOW HITPOINT WARNING * * *
You hit the hobgoblin but do no damage. The hobgoblin hits you.
* * * LOW HITPOINT WARNING * * *
The quokka closely misses you.
You hit the hobgoblin. The quokka bites you.
* * * LOW HITPOINT WARNING * * *
The hobgoblin hits you.
* * * LOW HITPOINT WARNING * * *
Your transformation has ended.
You turn into a tree.
Your +0 animal skin melds into your body.
Your roots penetrate the ground.
The quokka bites you but does no damage.
The hobgoblin completely misses you.
You barely miss the hobgoblin. The quokka bites you.
You die...

#..#.####.###.# #.# #..#.#
#.###.# #.# ##..#.# #..##.#
##.# #...#.# ##.##.# #..#
......# ##.##.# #.## ##
#.#.#.# #..##.# #.# #. #.#.#.#
##.###.# #.# #.
#.#.#.###...##.#####.# #.
....#..........g♣r...# #.
..###.###...##########
#######. ..###.# ##.####
#....... ......####.##.###
#.#####.
.####...........##########.###
#. .#
######...................###.
.# #.#..................... .#
#.#.....#########.#)#... .#
#.##...## #.#.#...


You could see a quokka and a hobgoblin.

Vanquished Creatures
  2 ball pythons (D:1)
  3 bats
  4 endoplasms (D:1)
  2 giant cockroaches (D:1)
  4 goblins (D:1)
  A hobgoblin (D:1)
  2 quokkas (D:1)
  2 frilled lizards (D:1)
  4 kobolds (D:1)
  2 rats (D:1)
26 creatures vanquished.

Notes
Turn   | Place    | Note
-------+----------+-------------------------------------------
     0 | D:1      | James the Barachi Shapeshifter began the quest for the Orb.
     0 | D:1      | Reached XP level 1. HP: 15/15 MP: 1/1
   168 | D:1      | Reached XP level 2. HP: 15/21 MP: 2/2
   222 | D:1      | Reached skill level 4 in Unarmed Combat
   517 | D:1      | Reached XP level 3. HP: 26/26 MP: 3/3
   894 | D:1      | HP: 1/26 [hobgoblin (4)]
   896 | D:1      | Slain by a quokka

Illustrated notes

Levels and vault maps discovered:
D:1:      tarquinn_simple_flora_water_c, layout_loops_ring
D:2:      layout_basic, basic_altar

Skill      XL: |  1  2 |
---------------+-------+-----
Unarmed Combat | 4 |  4.0
Fighting       | |  1.2
Dodging        | |  2.1
Shapeshifting  | |  3.9

Action                     || total
---------------------------++-------
  Melee: Unarmed           ||    68
         Punch             ||     1
    Use: Potion            ||     1
 Armour: Animal skin       ||    29
         Skin              ||     2
  Dodge: Dodged            ||    39
